 Dungeon Crawl Stone Soup version 0.32-a0-732-ga344392067 (webtiles) character file.

Game seed: 1830413678830177665

441 jasper the Trooper (level 6, -3/49 HPs)
             Began as a Demonspawn Shapeshifter on Mar 16, 2024.
             Was a Believer of Yredelemnul.
             Slain by an ogre
             ... wielding a +0 giant club
              (22 damage)
             ... on level 4 of the Dungeon.
             The game lasted 00:07:31 (3285 turns).

jasper the Trooper (Demonspawn Shapeshifter)        Turns: 3285, Time: 00:07:32

Health: -3/49      AC:  9    Str: 16    XL:     6   Next: 70%
Magic:  6/6        EV:  6    Int: 11    God:    Yredelemnul [**....]
Gold:   150        SH:  0    Dex: 12    Spells: 5/5 levels left

rFire   . . .        l - +2 whip (venom)
rCold   + . .        (no shield)
rNeg    . . .        n - +1 chain mail {rC+}
rPois   .            (helmet currently unavailable)
rElec   .            (cloak currently unavailable)
rCorr   .            (gloves currently unavailable)
SInv    .            (boots unavailable)
Will    .....        (no amulet) Stlth
                     (no ring)
HPRegen 0.28/turn    (no ring)
MPRegen 0.10/turn

%: no passive effects
@: beast-form, wreathed by umbra
A: beast (slay +1), hooves 3
a: Begin Untransformation, Renounce Religion, Light the Black Torch, Recall
Undead Harvest, Hurl Torchlight


You were on level 4 of the Dungeon.
You worshipped Yredelemnul.
Yredelemnul was noncommittal.
You were a hulking beast.
You visited 1 branch of the dungeon, and saw 4 of its levels.

You collected 150 gold pieces.

Inventory:

Hand Weapons
 f - a +0 short sword
 i - a +0 whip
 l - a +2 whip of venom (weapon)
Missiles
 g - 50 stones (quivered)
Armour
 a - a +0 animal skin
 j - a +0 cloak
 m - a +0 plate armour
 n - a +1 chain mail of cold resistance (worn)
Talismans
 c - a beast talisman (active)
 d - a flux talisman
Scrolls
 p - a scroll of fog
Potions
 b - a potion of lignification
 e - 3 potions of curing
 k - a potion of mutation
 o - a potion of resistance


   Skills:
 + Level 4.6 Fighting
 * Level 4.5 Maces & Flails
 - Level 1.7 Dodging
 - Level 2.6 Unarmed Combat
 - Level 2.6 Shapeshifting


You had 5 spell levels left.
You didn't know any spells.
Your spell library contained the following spells:

 Spells                   Type           Power      Damage    Failure   Level
 Sigil of Binding         Hex            0%         N/A       100%        3
 Sculpt Simulacrum        Ice/Alch       0%         N/A       100%        6
 Death Channel            Necr           Unusable   N/A       N/A         6

Dungeon Overview and Level Annotations

Branches:
Dungeon (4/15)
 Temple: D:4-7

Altars:
Qazlal
Yredelemnul

Shops:
D:4 [


Innate Abilities, Weirdness & Mutations

You are a hulking beast.
Your limbs bulge with bestial killing power. (Slay +1)
You have hooves in place of feet.


Message History

The adder bites you but does no damage.
You barely miss the adder. Your kick misses the adder.
The adder bites you but does no damage.
Your howler monkey zombie closely misses the adder.
You barely miss the adder. Your kick misses the adder.
The adder bites you but does no damage.
Your giant cockroach zombie bites the adder.
You barely miss the adder. Your kick misses the adder.
The adder is lightly wounded.
The adder closely misses you.
Your howler monkey zombie hits the adder.
Your giant cockroach zombie barely misses the adder.
You completely miss the adder.
The adder is heavily wounded.
The adder bites you but does no damage.
Your howler monkey zombie hits the adder.
Your giant cockroach zombie bites the adder.
The adder bites your giant cockroach zombie.
You whack the adder!
You kill the adder!
Their soul becomes fuel for the torch.
You swap places.
You swap places.
An ogre comes into view. It is wielding a +0 giant club.
An ogre is nearby!
You hit the ogre.
The ogre is poisoned.
You kick the ogre, but do no damage.
The ogre is lightly wounded.
Your howler monkey zombie hits the ogre.
The ogre hits you with a +0 giant club!!
Ouch! That really hurt!
You take 30 damage, and have 19/49 hp.
MASSIVE DAMAGE!!
You hit the ogre.
The ogre looks as sick as possible!
Your kick misses the ogre.
The ogre is heavily wounded.
Your howler monkey zombie hits the ogre but does no damage.
You closely miss the ogre. You kick the ogre.
The ogre is heavily wounded.
The ogre hits you with a +0 giant club!!
You die...
Your body rises from the dead as a mindless zombie.

#. +. ## ##### ...#
#####+#
#.####Z######...#.#
#...OZZ..##......#
#.###h##........######
#Z......∩.........
.######..#.....######
.........##...##
########......#
#####.## #.# #.# #..


You could see an ogre (extremely poisoned, ally target), a friendly ribbon worm
zombie, a friendly giant cockroach zombie, a friendly hobgoblin zombie and a
friendly howler monkey zombie.

Vanquished Creatures
  Sigmund (D:2)
  A howler monkey (D:4)
  Terence (D:3)
  An orc wizard (D:3)
  4 adders
  2 dart slugs
  2 ribbon worms
  7 orcs (D:3)
  4 ball pythons
  9 bats
  12 endoplasms
  3 giant cockroaches
  7 goblins
  6 hobgoblins
  6 jackals (D:1)
  16 kobolds
  2 quokkas
  4 frilled lizards
  10 rats
98 creatures vanquished.

Vanquished Creatures (collateral kills)
  An orc priest (D:3)
  A dart slug (D:3)
  A ribbon worm (D:4)
  An orc (D:3)
  A ball python (D:2)
  A bat (D:3)
  2 rats
8 creatures vanquished.

Vanquished Creatures (others)
  A bat zombie (D:3)
  A dart slug zombie (D:3)
  A goblin zombie (D:3)
  A hobgoblin zombie (D:3)
  3 kobold zombies (D:3)
  4 orc zombies (D:3)
  2 rat zombies (D:3)
13 creatures vanquished.

Grand Total: 119 creatures vanquished

Notes
Turn   | Place    | Note
-------+----------+-------------------------------------------
     0 | D:1      | jasper the Demonspawn Shapeshifter began the quest for the
                  | Orb.
     0 | D:1      | Reached XP level 1. HP: 15/15 MP: 1/1
   179 | D:1      | Gained mutation: You have large cloven feet. [demonic
                  | ancestry]
   179 | D:1      | Reached XP level 2. HP: 22/22 MP: 2/2
   495 | D:1      | Reached XP level 3. HP: 26/28 MP: 3/3
   820 | D:1      | Reached skill level 1 in Maces & Flails
  1379 | D:2      | Gained mutation: You have hoof-like feet. [demonic
                  | ancestry]
  1379 | D:2      | Reached XP level 4. HP: 33/35 MP: 4/4
  1394 | D:2      | Found a faded altar of an unknown god.
  1403 | D:2      | Prayed at the altar of an unknown god.
  1403 | D:2      | Became a worshipper of Yredelemnul the Fallen
  1403 | D:2      | Reached * piety under Yredelemnul
  1658 | D:2      | Noticed Sigmund
  1668 | D:2      | Killed Sigmund
  1669 | D:2      | Reached XP level 5. HP: 27/42 MP: 5/5
  2214 | D:3      | Gained mutation: You have hooves in place of feet. [demonic
                  | ancestry]
  2214 | D:3      | Reached XP level 6. HP: 48/48 MP: 6/6
  2270 | D:3      | Noticed an angel
  2315 | D:3      | Found a stormy altar of Qazlal.
  2341 | D:3      | Reached ** piety under Yredelemnul
  2410 | D:3      | Noticed Terence
  2421 | D:3      | Killed Terence
  3256 | D:4      | Found Sicamis's Armour Shoppe.
  3285 | D:4      | Slain by an ogre

Illustrated notes

Levels and vault maps discovered:
D:1:      dpeg_arrival_boxorama, layout_basic, minmay_tetromino_o4
D:2:      layout_basic, basic_altar, shapermc_ecumenical_altar_totnotflames,
          grunt_ministairs_14, minmay_split_cup_small, uniq_sigmund
D:3:      layout_basic, elyvilon_altar_3, zin_angel,
          nicolae_qazlal_general_emergency, lexackson_kobold_supper,
          uniq_terence
D:4:      layout_loops_corners, nicolae_vehumet_altar_sigil,
          minmay_temple_entry_proselytizer, serial_shops, shop

Skill      XL: |  1  2  3  4  5  6 |
---------------+-------------------+-----
Fighting       | 2 3 4 |  4.6
Maces & Flails | 1 3 4 |  4.5
Dodging        | |  1.7
Unarmed Combat | |  2.6
Shapeshifting  | |  2.6

Action                     |  1- 3 |  4- 6 || total
---------------------------+-------+-------++-------
  Melee: Unarmed           |    48 |       ||    48
         Kick              |    17 |    32 ||    49
         Whip              |    52 |   105 ||   157
 Invoke: Light the Black T |       |     3 ||     3
    Use: Scroll            |     4 |     4 ||     8
   Stab: Sleeping          |     1 |       ||     1
         Distracted        |       |     1 ||     1
 Armour: Animal skin       |    55 |       ||    55
         Chain mail        |    12 |   102 ||   114
  Dodge: Dodged            |    54 |    43 ||    97

Table legend: (Time is in decaauts)
 A = Elapsed time spent in this place.
 B = Non-inter-level travel time spent in this place.
 C = Inter-level travel time spent in this place.
 D = Time resting spent in this place.
 E = Time spent auto-exploring this place.
 F = Levels seen in this place.
 G = Mean time per level.
                   A        B        C        D        E       F      G
               +--------+--------+--------+--------+--------+-----+--------+
         Total |   3275 |   3208 |     67 |     21 |   2461 |   4 |  818.8 |
       Dungeon |   3275 |   3208 |     67 |     21 |   2461 |   4 |  818.8 |
               +--------+--------+--------+--------+--------+-----+--------+

Top non-repeatable levels by time:
     D:1: 1110 daAuts
     D:3: 1039 daAuts
     D:2: 921 daAuts
     D:4: 203 daAuts
